 Dungeon Sprint DCSS version 0.28-a0-793-g31680bbd8b (webtiles) character file.

Game seed: 4351052986809127667

2400000 ytrimaz the Slayer (level 15, -56/165 HPs)
             Began as a Demonspawn Monk on Nov 4, 2021.
             Was an Elder of Makhleb.
             Annihilated by a destroyer (201 damage)
             ... in the Dungeon (Sprint VIII: "Arena of Blood").
             The game lasted 00:00:40 (24 turns).

ytrimaz the Slayer (Demonspawn Monk)                  Turns: 24, Time: 00:00:41

Health: -56/165    AC:  4    Str: 16    XL:     15   Next: 86%
Magic:  15/15      EV: 28    Int: 11    God:    Makhleb [****..]
Gold:   0          SH:  4    Dex: 18    Spells: 14/14 levels left

rFire   . . .      SeeInvis .   h - +∞ Axe of Woe
rCold   . . .      Faith    .   (shield currently unavailable)
rNeg    . . .      Spirit   .   a - +0 robe
rPois   .          Reflect  .   (no helmet)
rElec   .          Harm     .   (no cloak)
rCorr   .          Rampage  .   (gloves unavailable)
Will    +....      NoTele   +   (no boots)
Stlth   +++++.....              (no amulet)
HPRegen 0.37/turn               (no ring)
MPRegen 0.14/turn               (no ring)

@: no status effects
A: rugged brown scales 2, condensation shield, demonic magic 3, demonic touch 3
a: Renounce Religion, Minor Destruction, Lesser Servant of Makhleb, Major
Destruction


You were in the Dungeon.
You worshipped Makhleb.
Makhleb was greatly pleased with you.
You visited 1 branch

Inventory:

Hand Weapons
 h - the +∞ Axe of Woe (weapon)
   (You found it in the Dungeon)
Armour
 a - a +0 robe (worn)
Jewellery
 i - a +30 ring of slaying
 j - a +30 ring of slaying
Scrolls
 g - a scroll of blinking
Potions
 b - a potion of curing
 c - a potion of heal wounds
 d - a potion of haste
 e - 2 potions of magic
 f - a potion of berserk rage


   Skills:
 + Level 26.4 Fighting
 + Level 13.0 Axes
 + Level 24.4 Dodging
 + Level 10.4 Stealth
 + Level 23.6 Unarmed Combat


You had 14 spell levels left.
You didn't know any spells.
Your spell library was empty.

Dungeon Overview and Level Annotations

Branches:
Dungeon (1/1)

Altars:
Makhleb


Innate Abilities, Weirdness & Mutations

You are mostly covered in rugged brown scales. (AC +2, +5% HP)
A meltable shield of frost defends you. (SH +4)
Spells you cast and wands you use may paralyse nearby enemies.
Your touch may irresistibly damage your foes and sap their willpower.


Message History

Makhleb accepts your kill.
You feel better.
You hear a shout! x12
Your Fighting skill increases to level 26!
Your Axes skill gained 2 levels and is now at level 13!
Your Dodging skill increases to level 24!
Your Unarmed Combat skill increases to level 23!
Unknown command.
You hear a shout! x9
i - a +30 ring of slaying;
j - a +30 ring of slaying
Items here: )) ††.
You hear a shout! x7
You hear a shout! x10
The destroyer appears out of thin air!
A destroyer comes into view. It is wielding a +9 vorpal great sword.
You hear a shout! x5
A meat berserker comes into view. It is wielding a +9 battleaxe.
You hear a shout!
There are monsters nearby!
There are monsters nearby!
There are monsters nearby!
A bag of meat comes into view. It is wielding a +9 war axe.
You hear a shout! x8
A bag of meat comes into view. It is wielding a +9 war axe.
The bag of meat shouts!
You hear a shout! x5
A bag of meat comes into view. It is wielding a +9 war axe.
You hear a shout!
A bag of meat comes into view. It is wielding a +9 war axe.
You hear a shout! x5; The bag of meat shouts!
A bag of meat comes into view. It is wielding a +9 war axe.
The bag of meat shouts!
You hear a shout! x4
The destroyer gestures at you while chanting.
The destroyer blinks!
You hear a shout! x2
The bag of meat moves out of view.
A destroyer comes into view. It is wielding a +9 vorpal great sword.
You hear a shout! x2
The destroyer hits you with a +9 vorpal great sword!!!!!
Ouch! That really hurt!
You die...

. #.......# .......
..###... ...###.......
......###............
......_.....§.......
#...))#.......#.#
#_)<._#..........
.#...))#......#.#.
......_..O..........
......###...@V....#.#
..###.......###.o.....
. #.......# .......
#.......# .......
......... .o.o...
......... .#.o.#V
......... #....#
.......


You could see a destroyer, a meat berserker (berserk) and 2 bags of meat.

Vanquished Creatures
  6 ogres (D)
  3 orcs (D)
9 creatures vanquished.

Notes
Turn   | Place    | Note
-------+----------+-------------------------------------------
     0 | D        | Found the +∞ Axe of Woe
     0 | D        | ytrimaz the Demonspawn Monk began the quest for the Orb.
     0 | D        | Reached XP level 1. HP: 18/18 MP: 1/1
     2 | D        | Noticed a meat berserker
     4 | D        | Became a worshipper of Makhleb the Destroyer
     4 | D        | Reached * piety under Makhleb
     4 | D        | Reached ** piety under Makhleb
     6 | D        | Killed a meat berserker
     6 | D        | Noticed a bag of meat
     7 | D        | Reached skill level 17 in Fighting
     7 | D        | Reached skill level 15 in Dodging
     7 | D        | Reached skill level 15 in Unarmed Combat
     7 | D        | Gained mutation: Your touch may inflict minor irresistible
                  | damage on your foes. [demonic ancestry]
     7 | D        | Reached XP level 2. HP: 47/47 MP: 2/2
     7 | D        | Gained mutation: Spells you cast may paralyse adjacent
                  | enemies. [demonic ancestry]
     7 | D        | Reached XP level 3. HP: 53/53 MP: 3/3
     7 | D        | Reached XP level 4. HP: 60/60 MP: 4/4
     7 | D        | Gained mutation: Spells you cast may paralyse nearby
                  | enemies. [demonic ancestry]
     7 | D        | Reached XP level 5. HP: 67/67 MP: 5/5
     7 | D        | Gained mutation: Your touch may inflict irresistible damage
                  | on your foes. [demonic ancestry]
     7 | D        | Reached XP level 6. HP: 74/74 MP: 6/6
     7 | D        | Reached XP level 7. HP: 80/80 MP: 7/7
     7 | D        | Gained mutation: You are partially covered in rugged brown
                  | scales. (AC +1, +3% HP) [demonic ancestry]
     7 | D        | Reached XP level 8. HP: 80/89 MP: 8/8
     7 | D        | Gained mutation: A meltable shield of frost defends you.
                  | (SH +4) [demonic ancestry]
     7 | D        | Reached XP level 9. HP: 86/96 MP: 9/9
     7 | D        | Gained mutation: You are mostly covered in rugged brown
                  | scales. (AC +2, +5% HP) [demonic ancestry]
     7 | D        | Reached XP level 10. HP: 86/106 MP: 10/10
     7 | D        | Gained mutation: Spells you cast and wands you use may
                  | paralyse nearby enemies. [demonic ancestry]
     7 | D        | Reached XP level 11. HP: 91/112 MP: 11/11
     7 | D        | Noticed a meat berserker
     7 | D        | Noticed a bag of meat
     8 | D        | Noticed a meat berserker
     9 | D        | Killed a meat berserker
     9 | D        | Noticed a meat berserker
    10 | D        | Reached skill level 19 in Fighting
    10 | D        | Reached skill level 5 in Axes
    10 | D        | Reached XP level 12. HP: 35/126 MP: 12/12
    10 | D        | Reached XP level 13. HP: 37/133 MP: 13/13
    10 | D        | Killed a bag of meat
    10 | D        | Reached *** piety under Makhleb
    11 | D        | Reached skill level 20 in Fighting
    11 | D        | Noticed a meat berserker
    11 | D        | Killed a meat berserker
    12 | D        | Reached skill level 22 in Fighting
    12 | D        | Reached XP level 14. HP: 45/147 MP: 14/14
    12 | D        | Killed a meat berserker
    12 | D        | Killed a bag of meat
    12 | D        | Killed a meat berserker
    12 | D        | Reached **** piety under Makhleb
    13 | D        | Reached skill level 25 in Fighting
    13 | D        | Gained mutation: Your touch may irresistibly damage your
                  | foes and sap their willpower. [demonic ancestry]
    13 | D        | Reached XP level 15. HP: 110/161 MP: 15/15
    14 | D        | Noticed a meat berserker
    15 | D        | Reached skill level 10 in Stealth
    16 | D        | Killed a meat berserker
    17 | D        | Reached skill level 26 in Fighting
    20 | D        | Noticed a meat berserker
    21 | D        | Noticed a destroyer
    24 | D        | Noticed a destroyer
    24 | D        | Annihilated by a destroyer

Illustrated notes

Levels and vault maps discovered:
D:        meatsprint

Skill      XL: |  1  2  3  4  5  6  7  8  9 10 11 12 13 14 15 |
---------------+----------------------------------------------+-----
Fighting       | 17 19 22 25 26 | 26.4
Axes           | 3 5 7 11 13 | 13.0
Dodging        | 15 18 20 23 24 | 24.4
Stealth        | 6 7 8 9 10 | 10.4
Unarmed Combat | 15 17 19 22 23 | 23.6

Action                   |  1- 3 |  4- 6 |  7- 9 | 10-12 | 13-15 || total
-------------------------+-------+-------+-------+-------+-------++-------
Melee: Executioner's axe |     1 |       |       |     1 |     5 ||     7

Table legend: (Time is in decaauts)
 A = Elapsed time spent in this place.
 B = Non-inter-level travel time spent in this place.
 C = Inter-level travel time spent in this place.
 D = Time resting spent in this place.
 E = Time spent auto-exploring this place.
 F = Levels seen in this place.
 G = Mean time per level.
                   A        B        C        D        E       F      G
               +--------+--------+--------+--------+--------+-----+--------+
         Total |     27 |     27 |      0 |      0 |      0 |   1 |   27.0 |
       Dungeon |     27 |     27 |      0 |      0 |      0 |   1 |   27.0 |
               +--------+--------+--------+--------+--------+-----+--------+

Top non-repeatable levels by time:
       D: 27 daAuts
